 Dungeon Crawl Stone Soup version 0.30-a0-585-g93115170b9 (webtiles) character file.

Game seed: 12120968975799180066

1 Crownlay the Magician (level 1, 0/17 HPs)
             Began as a Gnoll Wanderer on Jan 1, 2023.
             Slain by a quokka (4 damage)
             ... on level 1 of the Dungeon.
             The game lasted 00:00:34 (119 turns).

Crownlay the Magician (Gnoll Wanderer)               Turns: 119, Time: 00:00:34

Health: 0/17       AC:  5    Str:  9    XL:     1   Next: 20%
Magic:  6/6        EV: 11    Int: 12    God:
Gold:   32         SH:  0    Dex: 12    Spells: 9/9 levels left

rFire   . . .      SeeInvis .    a - +0 spear
rCold   . . .      Faith    .    (no shield)
rNeg    . . .      Spirit   .    e - +0 ring mail
rPois   .          Reflect  .    (no helmet)
rElec   .          Harm     .    (no cloak)
rCorr   .          Rampage  .    (no gloves)
Will    .....                    (no boots)
Stlth   +                        (no amulet)
HPRegen 0.22/turn                (no ring)
MPRegen 0.10/turn                (no ring)

@: lethally poisoned (0 -> -10)
A: fangs 1, strong nose, distributed training
a: no special abilities


You were on level 1 of the Dungeon.
You visited 1 branch of the dungeon, and saw 1 of its levels.

You collected 32 gold pieces.

Inventory:

Hand Weapons
 a - a +0 spear (weapon)
Missiles
 d - 3 boomerangs (quivered)
Armour
 e - a +0 ring mail (worn)
Wands
 b - a wand of flame (4)
Scrolls
 c - a scroll of teleportation


   Skills:
 + Level 2.3 Fighting
 + Level 0.0 Short Blades
 + Level 0.0 Long Blades
 + Level 0.0 Axes
 + Level 0.0 Maces & Flails
 + Level 2.3 Polearms
 + Level 0.0 Staves
 + Level 0.0 Ranged Weapons
 + Level 0.0 Throwing
 + Level 0.0 Armour
 + Level 4.4 Dodging
 + Level 2.1 Stealth
 + Level 0.0 Shields
 + Level 0.0 Unarmed Combat
 + Level 4.8 Spellcasting
 + Level 0.0 Conjurations
 + Level 0.0 Hexes
 + Level 0.0 Summonings
 + Level 0.0 Necromancy
 + Level 0.0 Translocations
 + Level 0.0 Transmutations
 + Level 0.0 Fire Magic
 + Level 0.0 Ice Magic
 + Level 0.0 Air Magic
 + Level 0.0 Earth Magic
 + Level 0.0 Poison Magic
 + Level 0.0 Invocations
 + Level 4.4 Evocations


You had 9 spell levels left.
You didn't know any spells.
Your spell library contained the following spells:

 Spells                   Type           Power      Damage    Failure   Level
 Sting                    Tmut/Pois      8%         1d3       50%         1
 Summon Small Mammal      Summ           8%         N/A       50%         1
 Cigotuvi's Dreadful Rot  Necr/Pois/Air  4%         N/A       65%         2
 Portal Projectile        Hex/Tloc       4%         N/A       86%         3


Dungeon Overview and Level Annotations

Branches:
Dungeon (1/15)

Altars:


Innate Abilities, Weirdness & Mutations

You have very sharp teeth.
Your uncanny sense of smell can sniff out nearby items.
Your experience applies equally to all skills.


Message History

The goblin closely misses you.
You hit the kobold.
The kobold is severely wounded.
The kobold hits you with a +1 dagger of venom.
The goblin barely misses you.
You closely miss the kobold.
The kobold is severely wounded.
The goblin barely misses you. The kobold hits you but does no damage.
You closely miss the kobold.
The kobold is severely wounded.
The quokka bites you but does no damage.
The goblin hits you but does no damage.
The kobold hits you with a +1 dagger of venom.
You are poisoned.
You closely miss the kobold.
The kobold is severely wounded.
You feel very sick. The quokka bites you. The goblin barely misses you.
The kobold hits you with a +1 dagger of venom.
You are more poisoned.
You are too injured to fight recklessly!
You are too injured to fight recklessly!
You are too injured to fight recklessly!
You are too injured to fight recklessly!
You are too injured to fight recklessly!
You are too injured to fight recklessly!
You are too injured to fight recklessly!
You are too injured to fight recklessly!
You are too injured to fight recklessly!
You are too injured to fight recklessly!
You are too injured to fight recklessly!
You are too injured to fight recklessly!
You are too injured to fight recklessly!
You are too injured to fight recklessly!
The goblin attacks as you move away! The goblin barely misses you.
The kobold attacks as you move away! The kobold barely misses you.
* * * LOW HITPOINT WARNING * * *
You feel very sick. The quokka bites you.
You die...

..###.#..#.##.# .
##.#..........###.
...........##.....
.###...##### #.# # .#
##.## #.####.## .####.#
#######........ ...##.#
.......Kg....# ##.##.#
.# #r# ##.##.##.# #@#
...##.##.# #.#
##.##.##.# ####.#
##.##.##.####....####.
......#...............#
##.......####.#########
.>..........#.#
##.####.....#.# #^#
#.......#


You could see a quokka, a goblin and a kobold.

Vanquished Creatures
  A giant cockroach (D:1)
1 creature vanquished.

Notes
Turn   | Place    | Note
-------+----------+-------------------------------------------
     0 | D:1      | Crownlay the Gnoll Wanderer began the quest for the Orb.
     0 | D:1      | Crownlay set off with the following items: a +0 spear, a
                  | wand of flame (4), a scroll of teleportation, a +0 robe;
                  | and the following spells available to memorise: Sting,
                  | Summon Small Mammal, Cigotuvi's Dreadful Rot, Portal
                  | Projectile.
     0 | D:1      | Reached XP level 1. HP: 17/17 MP: 6/6
   119 | D:1      | Slain by a quokka

Illustrated notes

Levels and vault maps discovered:
D:1:      wheals_arrival_linesprint, layout_loops_ring

Action                   || total
-------------------------++-------
Melee: Spear             ||    21
       Bite              ||     2
       Punch             ||     1
Throw: Boomerang         ||     1
Armor: Ring mail         ||     3
       Robe              ||     2
Dodge: Dodged            ||    17

Table legend: (Time is in decaauts)
 A = Elapsed time spent in this place.
 B = Non-inter-level travel time spent in this place.
 C = Inter-level travel time spent in this place.
 D = Time resting spent in this place.
 E = Time spent auto-exploring this place.
 F = Levels seen in this place.
 G = Mean time per level.
                   A        B        C        D        E       F      G
               +--------+--------+--------+--------+--------+-----+--------+
         Total |    119 |    119 |      0 |      0 |     68 |   1 |  119.0 |
       Dungeon |    119 |    119 |      0 |      0 |     68 |   1 |  119.0 |
               +--------+--------+--------+--------+--------+-----+--------+

Top non-repeatable levels by time:
     D:1: 119 daAuts
